 Dungeon Crawl Stone Soup version 0.26.1-11-gd32895ea62 (webtiles) character file.

Game seed: 1338014351118464087

48 DildoBatman the Conjurer (level 4, 0/30 HPs)
             Began as a Formicid Conjurer on May 14, 2021.
             Slain by a giant cockroach (2 damage)
             ... on level 2 of the Dungeon.
             The game lasted 00:03:08 (664 turns).

DildoBatman the Conjurer (Formicid Conjurer)         Turns: 664, Time: 00:03:09

Health: 0/30       AC:  2    Str: 12    XL:     4   Next: 0%
Magic:  6/7        EV: 12    Int: 18    God:
Gold:   22         SH:  0    Dex:  9    Spells: 4/7 levels left

rFire    + . .     SeeInvis +   a - +0 quarterstaff
rCold    . . .     Faith    .   (no shield)
rNeg     . . .     Spirit   .   j - +0 robe
rPois    .         Reflect  .   (helmet unavailable)
rElec    .         Harm     .   (no cloak)
rCorr    +         Rampage  .   (no gloves)
Will     .....                  (no boots)
Stlth    ++........             (no amulet)
HPRegen  0.10/turn              p - ring of resist corrosion
MPRegen  0.10/turn              d - ring of protection from fire

@: no status effects
A: permanent stasis, dig shafts and tunnels, four strong arms, antennae 3
a: Dig, Shaft Self


You were on level 2 of the Dungeon.
You visited 1 branch of the dungeon, and saw 2 of its levels.

You collected 22 gold pieces.

Inventory:

Hand Weapons
 a - a +0 quarterstaff (weapon)
Missiles
 f - 24 bolts
 g - 6 atropa-tipped darts
 h - 8 sling bullets
 k - 5 stones
 m - 19 arrows
Armour
 j - a +0 robe (worn)
Jewellery
 d - a ring of protection from fire (right hand)
 p - a ring of resist corrosion (left hand)
Scrolls
 b - a scroll of teleportation {unknown}
 c - 5 scrolls of enchant armour {unknown}
 i - 2 scrolls of identify {unknown}
 n - a scroll of enchant weapon {unknown}
 o - a scroll of immolation {unknown}
 q - a scroll of remove curse {unknown}
 r - a scroll of magic mapping {unknown}
Potions
 e - a potion of curing {unknown}
 l - 2 potions of degeneration {unknown}


   Skills:
 - Level 1.7 Dodging
 - Level 2.4 Stealth
 - Level 2.1 Spellcasting
 * Level 4.8 Conjurations


You had 4 spell levels left.
You knew the following spells:

 Your Spells              Type           Power        Failure   Level
a - Searing Ray           Conj           38%          3%          2
c - Magic Dart            Conj           76%          2%          1

Your spell library contained the following spells:

 Spells                   Type           Power        Failure   Level
 Dazzling Flash           Conj/Hex       20%          21%         3
 Fulminant Prism          Conj/Hex       5%           54%         4
 Iskenderun's Mystic Bla  Conj/Tloc      10%          54%         4


Dungeon Overview and Level Annotations

Branches:
Dungeon (2/15)

Altars:
Ashenzari


Innate Abilities, Weirdness & Mutations

You cannot be hasted, slowed, berserked, paralysed or teleported.
You can dig through walls and to a lower floor.
Your four strong arms can wield two-handed weapons with a shield.
You have a pair of large antennae on your head. (SInv)


Message History

The jackal misses you. The bat completely misses you.
The jackal barely misses you. The jackal closely misses you.
The jackal bites you but does no damage.
The giant cockroach bites you but does no damage.
The jackal bites you.
The jackal bites you but does no damage.
The jackal closely misses you. What are your orders? t - Shout!
Orders for allies: a - Attack new target. r - Retreat! s - Stop attacking. g - Guard the area. f - Follow me.
Anything else - Cancel.
You shout for attention!
The bat hits you. The jackal barely misses you. The giant cockroach bites you.
You die...

#.# #......## $.#
####.# ###.##...
.g. ....####
...##### ...
....... ###. ## ...
#....# #.# ##.
#.##†...# #..##†#
#..?..#.### #.#)##
.####.hBb....####
#..###
......h@#.......#
##..##
....#.hh###.###..#
##.## ## #...# #.##
.# #†## #...# #..#
#.####.## #...#
##.###......##
#...# #..######....
##### ##..†#####...
########...........
#........##..####.#


You could see 4 jackals, a giant cockroach, a hobgoblin and a bat.

Vanquished Creatures
  2 worms (D:2)
  A dart slug (D:1)
  3 leopard geckos (D:1)
  A giant cockroach (D:1)
  3 goblins (D:1)
  7 hobgoblins (D:1)
  4 bats (D:1)
  3 frilled lizards
  7 kobolds
  4 rats
35 creatures vanquished.

Notes
Turn   | Place    | Note
-------+----------+-------------------------------------------
     0 | D:1      | DildoBatman the Formicid Conjurer began the quest for the
                  | Orb.
     0 | D:1      | Reached XP level 1. HP: 13/13 MP: 3/3
    99 | D:1      | Reached XP level 2. HP: 19/19 MP: 0/5
   102 | D:1      | Learned a level 2 spell: Searing Ray
   133 | D:1      | Reached skill level 4 in Conjurations
   296 | D:1      | Reached XP level 3. HP: 20/24 MP: 1/6
   414 | D:1      | Found a broken altar of Ashenzari.
   652 | D:2      | Reached XP level 4. HP: 27/30 MP: 5/7
   664 | D:2      | Slain by a giant cockroach

Illustrated notes

Levels and vault maps discovered:
D:1:      lightli_arrival_chessboard, layout_rooms, ashenzari_altar_1
D:2:      layout_rooms

Skill      XL: |  1  2 |
---------------+-------+-----
Conjurations   | 4 |  4.8
Dodging        | |  1.7
Stealth        | |  2.4
Spellcasting   | |  2.1

Action                   |  1- 3 |  4- 6 || total
-------------------------+-------+-------++-------
Melee: Short sword       |    23 |       ||    23
       Unarmed           |     2 |       ||     2
       Dagger            |     1 |       ||     1
       Quarterstaff      |     5 |       ||     5
 Cast: Magic Dart        |    27 |       ||    27
       Searing Ray       |     6 |       ||     6
 Abil: Dig               |     1 |       ||     1
Armor: Robe              |     7 |    11 ||    18
Dodge: Dodged            |    29 |    29 ||    58
